QQQQQ, chaotic female elven Wizard -------- ------ ......|------- |.|..--- --- ....|%*[|..| |......|--.------- ...|%(%|..| |......|-....|.|.-- -----..|...|..|-+---+--..>..-|..........| |((.|..--|---|-...)...@.|..----........-- |((.-......)......-----....| |......--- |((.|......--+-...|...|....| --.....-- -+------..{...| |.[[[)..|....---......| |.............| |...|...|............-| --+-.....---|-------------.|...........| | |..-+-|..................................| |. |----....---------.................| - |%%.-....|......||...-----........-- |%%.|....-...._.||...| |.......-- -----....|......||...- |.......- .......----------... --.......| -.....---.... |..- ----...| --... --...| ---- -..| --- |..-- --- ---- QQQQQ the Thaumaturge Experience level: 6 Strength: 7 Dexterity: 18 Constitution: 15 Intelligence: 20 Wisdom: 11 Charisma: 7 Health: 42(42) Energy: 79(79) Def: 7 Gold: 211 Moves: 2455 Dungeon seed: OmDXL7GzVbN1oxz7 Game ID: QQQQQ_1498976074 Your Inventory: Coins $ - 211 gold pieces Weapons a - a blessed +1 quarterstaff (weapon in hands) z - an uncursed +0 dwarvish mattock Armor e - an uncursed +0 cloak of magic resistance (being worn) n - an uncursed +0 orcish helm (being worn) y - an uncursed +0 elven mithril-coat (being worn) Comestibles m - an uncursed food ration w - an uncursed candy bar Scrolls q - an uncursed scroll of light Spellbooks c - a blessed spellbook of force bolt d - a blessed spellbook of magic missile f - an uncursed spellbook of knock g - an uncursed spellbook of charm monster A - a blessed spellbook of identify Rings t - a cursed -1 ring of increase accuracy (on left hand) Wands b - an uncursed wand of striking (0:8) r - an uncursed wand of opening (0:5) x - an uncursed wand of sleep (0:5) Tools h - an uncursed blindfold i - an uncursed leather drum o - an uncursed tin whistle Spells and supernatural/magical abilities: Spells marked with '*' are forgotten. Spells marked with '!' are maintained. Spells marked with '#' are aliased with 'castalias'. Name Level Category Fail Memory a - force bolt 1 attack 0% 30% e - charm monster 3 enchantment 0% 30% k - knock 1 matter 0% 30% m - magic missile 2 attack 0% 30% I - identify 2 divination 48% 33% W - pray for help -- divine ? -- Your skills at the end: Fighting Skills wands [Basic] Weapon Skills quarterstaff [Basic] Spellcasting Skills attack spells [Skilled] enchantment spells [Basic] Final Attributes: You were sleep resistant. You were magic resistant. You saw invisible. You had infravision. You had a -1 penalty to hit. You survived. Vanquished creatures: an orc shaman a rock mole a yellow light 6 gnome lords a gnomish wizard a kitten 8 dwarves a kobold lord a giant bat a monkey an iguana an acid blob a gas spore 2 hobbits a giant rat 2 yellow molds 22 gnomes 2 gnome zombies 2 geckos a fox 2 goblins 8 grid bugs 5 lichens 5 newts 77 creatures vanquished. Voluntary challenges: You were an atheist. You used a wielded weapon 35 times, starting on turn 1. You read items or engraved 8 times, starting on turn 1062. You never genocided any monsters. You never polymorphed an object. You never changed form. You used no wishes. You never split a pudding. You wrote Elbereth's name 1 time, starting on turn 1062. You never violated your personal moral code. Dungeon overview: The Dungeons of Doom: levels 1 to 3 Level 1 a long staircase Level 2 a scroll shop, a vault Level 3 a fountain, a sink stairs to The Gnomish Mines The Gnomish Mines: levels 4 to 8 Level 4 stairs to The Dungeons of Doom Level 5 Level 6 Level 7 <- You were here some shops, an altar to , a fountain Level 8 History has recorded: On T:1 you entered the Dungeons of Doom to retrieve the Amulet of Yendor! On T:405 you advanced to experience level 2. On T:475 you reached level 2 of The Dungeons of Doom. On T:738 you advanced to experience level 3. On T:988 you reached level 3 of The Dungeons of Doom. On T:1254 you advanced to experience level 4. On T:1346 you reached level 1 of The Gnomish Mines. On T:1451 you advanced to experience level 5. On T:1511 you reached level 2 of The Gnomish Mines. On T:1700 you advanced to experience level 6. On T:2161 you reached level 3 of The Gnomish Mines. On T:2173 you reached level 4 of The Gnomish Mines. On T:2403 you reached level 5 of The Gnomish Mines. Score breakdown: Gold: 211 ( 7913 points) Experience: 6 levels (12456 points) Exploration: 8 levels ( 16.00%) (11338 points) Discoveries: 10 items ( 3.50%) ( 5609 points) Valuables value: (no points given unless you survive) Artifact value: 0 ( 0 points) Variety of kills: 24 monsters ( 6.32%) ( 7539 points) Turncount: 2455 turns ( -303 points) Survival: quit (score multiplied by 90%) Total score: 40096 Latest messages: Hello QQQQQ, the elven Wizard, welcome back to FIQHack! Be careful! New moon tonight. (2x) To quit the game, use the 'save' command (typically on 'S'). Final status: Goodbye QQQQQ the Wizard, quit... You quit in The Gnomish Mines on dungeon level 7 with 40096 points, and 211 pieces of gold, after 2455 moves. You were level 6 with a maximum of 42 hit points when you quit.